 Dungeon Crawl Stone Soup version 0.28.0 (webtiles) character file.

Game seed: 15783437633199298096

2554 beardedkeet the Basher (level 9, -4/51 HPs)
             Began as a Gargoyle Fighter on Feb 7, 2022.
             Slain by an orc knight (20 damage)
             ... in a bailey.
             The game lasted 00:24:52 (5787 turns).

beardedkeet the Basher (Gargoyle Fighter)           Turns: 5787, Time: 00:24:55

Health: -4/51      AC: 25    Str: 22    XL:     9   Next: 56%
Magic:  9/9        EV:  6    Int: 11    God:
Gold:   594        SH:  5    Dex: 15    Spells: 8/8 levels left

rFire   . . .      SeeInvis .   C - +0 morningstar
rCold   . . .      Faith    .   c - +0 buckler
rNeg    + . .      Spirit   .   I - +0 plate armour
rPois   ∞          Reflect  .   o - +1 helmet
rElec   +          Harm     .   B - +2 cloak
rCorr   .          Rampage  .   g - +0 pair of gloves
Will    .....                   (no boots)
Stlth   ..........              k - amulet of regeneration
HPRegen 0.97/turn               m - +6 ring of dexterity
MPRegen 0.11/turn               D - +4 ring of slaying

@: mighty
A: sickness immunity, AC +6, negative energy resistance 1, electricity
resistance, torment resistance 1, petrification resistance
a: no special abilities


You were in a bailey.
You visited 1 branch of the dungeon, and saw 7 of its levels.
You also visited: Ossuary and Bailey.

You collected 594 gold pieces.

Inventory:

Hand Weapons
 a - a +1 flail
 C - a +0 morningstar (weapon)
Missiles
 f - 4 javelins (quivered)
 l - 19 poisoned darts
 G - 20 boomerangs
 H - 9 curare-tipped darts
Armour
 b - a +0 scale mail
 c - a +0 buckler (worn)
 g - a +0 pair of gloves (worn)
 o - a +1 helmet (worn)
 w - a +1 helmet
 B - a +2 cloak (worn)
 I - a +0 plate armour (worn)
Jewellery
 e - a +6 ring of intelligence
 i - a ring of positive energy
 k - an amulet of regeneration (around neck)
 m - a +6 ring of dexterity (left hand)
 D - a +4 ring of slaying (right hand)
Wands
 y - a wand of flame (16)
 A - a wand of digging (4)
 E - a wand of iceblast (9)
 F - a wand of paralysis (4)
Scrolls
 h - a scroll of identify
 j - a scroll of enchant weapon
 n - 3 scrolls of vulnerability
 q - a scroll of immolation
 x - a scroll of teleportation
Potions
 d - a potion of might
 p - 4 potions of lignification {unknown}
 r - a potion of mutation {unknown}
 s - 3 potions of attraction {unknown}
 t - 2 potions of curing
 u - a potion of haste {unknown}
 v - 4 potions of heal wounds {unknown}
 z - 2 potions of brilliance {unknown}


   Skills:
 - Level 3.2 Fighting
 + Level 11.1 Maces & Flails
 - Level 6.0 Armour
 - Level 6.0 Shields


You had 8 spell levels left.
You didn't know any spells.
Your spell library contained the following spells:

 Spells                   Type           Power      Damage    Failure   Level
 Slow                     Hex            0%         N/A       100%        1
 Corpse Rot               Necr/Air       0%         N/A       100%        2
 Poisonous Vapours        Pois/Air       0%         N/A       100%        2
 Confusing Touch          Hex            0%         N/A       100%        3
 Vampiric Draining        Necr           0%         2d6       100%        3
 Fulminant Prism          Conj/Hex       0%         3d6       100%        4
 Iskenderun's Mystic Bla  Conj/Tloc      0%         2d3       100%        4
 Lee's Rapid Deconstruct  Erth           0%         3d5*      100%        5


Dungeon Overview and Level Annotations

Branches:
Dungeon (7/15)             Temple (0/1) D:7         Ossuary (visited)
 Bailey (1/1)

Altars:


Innate Abilities, Weirdness & Mutations

You are immune to sickness and miasma.
Your stone body is resilient. (AC +6)
You are immune to poison.
You resist negative energy. (rN+)
You are resistant to electric shocks. (rElec)
You are resistant to unholy torment.
You are immune to petrification.


Message History

The kobold brigand is wielding a +0 war axe and quivering poisoned darts.
The orc knight shouts!
The kobold brigand shouts!
You hear a shout!
An orc warrior comes into view. It is wielding a +0 war axe.
You thump the kobold brigand!
The kobold brigand is heavily wounded.
The kobold brigand hits you but does no damage.
The orc knight roars a battlecry!
An orc knight comes into view.
It is wielding a +0 war axe and quivering atropa-tipped darts.
You barely miss the kobold brigand.
The kobold brigand is heavily wounded.
The kobold brigand hits you with a +0 war axe.
You miss the kobold brigand.
The kobold brigand is heavily wounded.
You block the kobold brigand's attack.
You hit the kobold brigand.
The kobold brigand is severely wounded.
The kobold brigand hits you but does no damage.
The orc knight hits you with a +0 war axe!
You barely miss the kobold brigand.
The kobold brigand is severely wounded.
You block the kobold brigand's attack.
The orc knight hits you with a +0 war axe!
You sock the kobold brigand!
You kill the kobold brigand!
An orc warrior comes into view. It is wielding a +0 broad axe.
You block the orc knight's attack.
You feel very mighty all of a sudden.
The orc knight hits you with a +0 war axe!
You barely miss the orc knight. The orc warrior barely misses you.
The orc knight hits you but does no damage.
The orc warrior hits you but does no damage.
The orc warrior completely misses you.
There is a gate leading back out of this place here.
You puncture the orc knight!
The orc knight is lightly wounded.
The orc knight roars a battlecry!
The orc knight goes into a battle-frenzy!
The orc warrior hits you with a +0 war axe!
The orc knight hits you with a +0 war axe!!
You die...

............
...........
.K...... ......
...# ###'###
##.o(..##
#ooo8...#
#@(....∩#
##..)..##
####'''####
##≈.......≈##
##≈≈.......≈≈##
..≈≈.......≈≈..
##≈≈.......≈≈##
..≈≈.......≈≈..
##≈≈.......≈≈##


You could see 2 orc knights and 2 orc warriors.

Vanquished Creatures
  Duvessa (D:6)
  An orc warrior (Bailey)
  2 water moccasins (D:6)
  Pargi (D:4)
  An ice beast (D:6)
  2 black bears (D:5)
  2 necrophages (D:5)
  3 ogres
  4 kobold brigands (Bailey)
  2 elf zombies (Ossuary)
  3 scorpions
  Dowan (D:6)
  The ghost of Miritol the Sneak, a weakling KoBr (D:3)
  A hound (D:6)
  2 bullfrog skeletons (D:6)
  2 centaur skeletons
  An orc priest (D:3)
  A gnoll shaman (D:5)
  2 iguanas
  2 orc wizards
  Natasha (thrice) (D:4)
  2 hound zombies
  4 mummies (Ossuary)
  Robin (D:2)
  5 gnolls
  7 adders
  2 ufetubi
  An adder zombie (Ossuary)
  4 dart slugs
  10 orcs
  5 endoplasms
  2 giant cockroaches
  19 goblins
  10 hobgoblins
  2 quokkas (D:3)
  4 ball pythons
  5 bats
  2 frilled lizards
  A goblin zombie (Ossuary)
  A hobgoblin zombie (Ossuary)
  A jackal skeleton (D:4)
  2 jackal zombies (Ossuary)
  13 kobolds
  2 orc zombies (Ossuary)
  6 rats
  2 rat zombies (Ossuary)
151 creatures vanquished.

Notes
Turn   | Place    | Note
-------+----------+-------------------------------------------
     0 | D:1      | beardedkeet the Gargoyle Fighter began the quest for the
                  | Orb.
     0 | D:1      | Reached XP level 1. HP: 14/14 MP: 1/1
    73 | D:1      | Reached XP level 2. HP: 16/19 MP: 2/2
   494 | D:1      | Reached XP level 3. HP: 15/23 MP: 3/3
  1256 | D:2      | Noticed Robin
  1292 | D:2      | Reached XP level 4. HP: 12/28 MP: 4/4
  1567 | D:2      | Killed Robin
  2032 | D:2      | Found a faded altar of an unknown god.
  2576 | D:3      | Reached XP level 5. HP: 32/32 MP: 5/5
  2749 | D:3      | Found a transporter.
  2749 | D:3      | Noticed Miritol's ghost (weakling KoBr)
  2750 | D:3      | Found a transporter.
  2795 | D:3      | Reached skill level 5 in Armour
  2795 | D:3      | Reached skill level 5 in Shields
  2866 | D:3      | Killed Miritol's ghost
  2872 | D:3      | Reached XP level 6. HP: 37/37 MP: 6/6
  3280 | D:4      | Noticed Natasha
  3287 | D:4      | Killed Natasha
  3312 | D:4      | Found a sand-covered staircase.
  3333 | Ossuary  | Entered an ossuary
  3375 | Ossuary  | Reached skill level 3 in Maces & Flails
  3409 | Ossuary  | Reached XP level 7. HP: 41/41 MP: 7/7
  3677 | D:4      | Reached skill level 4 in Maces & Flails
  3711 | D:4      | Noticed Pargi
  3731 | D:4      | Killed Pargi
  3777 | D:4      | Noticed Natasha
  3790 | D:4      | Killed Natasha
  3791 | D:4      | Reached skill level 5 in Maces & Flails
  4114 | D:4      | Noticed Natasha
  4123 | D:4      | Killed Natasha
  4124 | D:4      | Reached skill level 6 in Maces & Flails
  4265 | D:5      | Entered Level 5 of the Dungeon
  4310 | D:5      | Reached XP level 8. HP: 46/46 MP: 8/8
  4478 | D:5      | Reached skill level 7 in Maces & Flails
  4749 | D:5      | Reached skill level 8 in Maces & Flails
  5015 | D:6      | Reached skill level 9 in Maces & Flails
  5084 | D:6      | Reached XP level 9. HP: 51/51 MP: 9/9
  5167 | D:6      | Identified the +1 leather armour of the Thirsty Beggars
                  | {rN++ MP+9}
  5365 | D:6      | Noticed Duvessa
  5365 | D:6      | Noticed Dowan
  5374 | D:6      | Killed Duvessa
  5375 | D:6      | Reached skill level 10 in Maces & Flails
  5382 | D:6      | Killed Dowan
  5592 | D:7      | Found a staircase to the Ecumenical Temple.
  5605 | D:7      | Found a flagged portal.
  5631 | Bailey   | Entered a bailey
  5754 | Bailey   | Reached skill level 11 in Maces & Flails
  5771 | Bailey   | Noticed an orc knight
  5777 | Bailey   | Noticed an orc knight
  5787 | Bailey   | Slain by an orc knight

Illustrated notes

Levels and vault maps discovered:
D:1:      saegor_arrival_simple_b, layout_loops_ring
D:2:      layout_rooms, shapermc_ecumenical_altar_hornbeckon, minmay_vboxes,
          uniq_robin
D:3:      layout_basic, gammafunk_ghost_arena
D:4:      minmay_angry_zag, layout_gridville, chequers_ossuary_entry_cave,
          uniq_pargi, uniq_natasha
D:5:      layout_cave_pools, roderic_lattice_a
D:6:      layout_loops_ring, uniq_duvessa
D:7:      layout_layer_cave, minmay_temple_entry_junction, enter_bailey_5,
          minmay_misc_feat_four_crosses, chequers_serial_rivers_small_a,
          uniq_pikel, uniq_crazy_yiuf_cottage, uniq_menkaure
Bailey:   bailey_axe_3, bailey

Skill      XL: |  1  2  3  4  5  6  7  8  9 |
---------------+----------------------------+-----
Armour         | 4 5 6 |  6.0
Shields        | 4 5 6 |  6.0
Maces & Flails | 3 6 9 11 | 11.1
Fighting       | |  3.2

Action                   |  1- 3 |  4- 6 |  7- 9 || total
-------------------------+-------+-------+-------++-------
Melee: Flail             |   120 |   259 |   115 ||   494
       Morningstar       |       |       |   184 ||   184
  Use: Potion            |       |     1 |     1 ||     2
       Scroll            |       |     6 |     7 ||    13
Armor: Scale mail        |    77 |   355 |   240 ||   672
       Plate armour      |       |       |     4 ||     4
Dodge: Dodged            |    68 |   254 |   186 ||   508
Block: Buckler           |    19 |   131 |   112 ||   262
